 Dungeon Crawl Stone Soup version 0.24-a0-504-gcfb02b9d07 (webtiles) character file.

Game seed: 10723744356494310705

114 KristoblXynda the Slasher (level 4, -1/57 HPs)
             Began as a Draconian Fighter on July 16, 2019.
             Succumbed to Ijyb's poison
             ... on level 3 of the Dungeon.
             The game lasted 00:02:08 (1482 turns).

KristoblXynda the Slasher (Draconian Fighter)       Turns: 1482, Time: 00:02:09

Health: -1/57      AC:  7    Str: 23    XL:     4   Next: 66%
Magic:  4/4        EV: 16    Int:  9    God:
Gold:   87         SH: 10    Dex: 16    Spells: 3/3 levels left

rFire    . . .     SeeInvis .   a - +0 long sword
rCold    . . .     Gourm    .   b - +0 shield
rNeg     . . .     Faith    .   (armour unavailable)
rPois    .         Spirit   .   (helmet restricted)
rElec    .         Reflect  .   (no cloak)
rCorr    .         Harm     .   j - +0 pair of gloves
MR       .....                  f - +0 pair of boots
Stlth    ..........             (no amulet)
HPRegen  0.19/turn              s - +3 ring of slaying
MPRegen  0.09/turn              (no ring)

@: agile, berserking, lethally poisoned (-1 -> -35), very quick
A: unfitting armour, cold-blooded, AC +5
a: no special abilities


You were on level 3 of the Dungeon.
You were very hungry.

You visited 1 branch of the dungeon, and saw 3 of its levels.

You collected 87 gold pieces.

Inventory:

Hand Weapons
 a - a +0 long sword (weapon)
Armour
 b - a +0 shield (worn)
 f - a +0 pair of boots (worn)
 j - a +0 pair of gloves (worn)
Jewellery
 p - an uncursed ring of ice
 s - a +3 ring of slaying (left hand)
Wands
 t - a wand of flame (15)
Scrolls
 g - 2 scrolls of remove curse {unknown}
 h - 4 scrolls of identify {unknown}
 m - 3 scrolls of teleportation {unknown}
 n - a scroll of enchant armour {unknown}
 o - 3 scrolls of enchant weapon {unknown}
 q - a scroll of noise {unknown}
 x - a scroll of fog {unknown}
Potions
 c - a potion of might
 e - a potion of flight {unknown}
 i - a potion of haste {unknown}
 k - a potion of agility
 l - a potion of curing {unknown}
 r - a potion of lignification {unknown}
 u - a potion of degeneration {unknown}
 w - a potion of ambrosia {unknown}
Comestibles
 d - 2 rations


   Skills:
 - Level 3.2 Fighting
 * Level 3.7 Long Blades
 + Level 3.4 Dodging
 + Level 3.7 Shields


You had 3 spell levels left.
You didn't know any spells.
Your spell library was empty.

Dungeon Overview and Level Annotations

Branches:
Dungeon (3/15)

Altars:


Innate Abilities, Weirdness & Mutations

Your plain brown scales are hard. (AC +5)
You cannot fit into any form of body armour.
You are cold-blooded and may be slowed by cold attacks.


Message History

* * * LOW HITPOINT WARNING * * *
You feel very sick. You block the goblin's attack.
Ijyb hits you with a +1 dagger of venom.
* * * LOW HITPOINT WARNING * * *
You are more poisoned.
You hit Ijyb.
You kill Ijyb!
* * * LOW HITPOINT WARNING * * *
You feel very sick. You block the goblin's attack.
You slice Robin!!
You kill Robin!
* * * LOW HITPOINT WARNING * * *
You feel very sick. The goblin hits you with a +0 dagger.
* * * LOW HITPOINT WARNING * * *
You slash the goblin!
You kill the goblin!
You die...

#.# #g# #g#
# #.# #
#.#g#.#
#####.#.#.#
.........g#
#g##########
#.g@)......#
##########.#
#)# ## #.#
.. #.# .#
#.# .# #.#
.# #.# .#
#.#


You could see 2 goblins.

Vanquished Creatures
  Ijyb (D:3)
  Terence (D:2)
  Robin (D:3)
  A worm (D:2)
  2 dart slugs (D:2)
  5 bats
  4 giant cockroaches
  7 goblins
  6 hobgoblins
  6 jackals (D:2)
  2 frilled lizards
  4 kobolds
  5 rats
45 creatures vanquished.

Notes
Turn   | Place    | Note
-------+----------+-------------------------------------------
     0 | D:1      | KristoblXynda the Draconian Fighter began the quest for the
                  | Orb.
     0 | D:1      | Reached XP level 1. HP: 19/19 MP: 1/1
   318 | D:1      | Reached XP level 2. HP: 26/26 MP: 2/2
   800 | D:2      | Noticed Terence
   824 | D:2      | Killed Terence
   824 | D:2      | Reached XP level 3. HP: 10/31 MP: 3/3
  1197 | D:2      | Reached XP level 4. HP: 38/38 MP: 4/4
  1459 | D:3      | Noticed Robin
  1464 | D:3      | Noticed Ijyb
  1480 | D:3      | Killed Ijyb
  1481 | D:3      | Killed Robin
  1481 | D:3      | HP: 2/57 [poisoned by Ijyb]
  1482 | D:3      | Succumbed to Ijyb's poison

Levels and vault maps discovered:
D:1:      matt_arrival_refuge, layout_loops_ring, minivault_23,
          chequers_serial_rivers_marsh
D:2:      layout_rooms, serial_corexii_hall, chequers_hall_statues_corner_a,
          corexii_hall_statues_x, corexii_hall_statues_x,
          corexii_hall_statues_s, corexii_hall_statues_s,
          corexii_hall_statues_s, uniq_terence
D:3:      layout_basic, first_ration, uniq_robin, uniq_ijyb, uniq_natasha

Skill      XL: |  1  2 |
---------------+-------+-----
Long Blades    | 3 |  3.7
Dodging        | 3 |  3.4
Fighting       | |  3.2
Shields        | |  3.7

Action                   |  1- 3 |  4- 6 || total
-------------------------+-------+-------++-------
Melee: Long sword        |   105 |    29 ||   134
       Tailslap          |    18 |     4 ||    22
  Use: Potion            |       |     2 ||     2
  Eat: Chunk             |     1 |       ||     1
Armor: Skin              |    46 |    11 ||    57
Dodge: Dodged            |    51 |    14 ||    65
Block: Shield            |    69 |    13 ||    82
       Rpst.: Long sword |    14 |     4 ||    18

Table legend:
 A = Non-vault XP
 B = Vault XP
 C = Vault XP percentage of total XP
 D = Non-vault monster count
 E = Vault monster count
 F = Vault count percentage of total count
                 A         B        C        D         E       F
            +---------+---------+-------+---------+---------+-------
      Total |      73 |      90 |  55.2 |      38 |       7 |  15.6
            +---------+---------+-------+---------+---------+-------
        D:1 |      19 |       0 |   0.0 |      13 |       0 |   0.0
        D:2 |      50 |      32 |  39.0 |      23 |       1 |   4.2
        D:3 |       4 |      58 |  93.5 |       2 |       6 |  75.0
            +---------+---------+-------+---------+---------+-------
